 Dungeon Crawl Stone Soup version 0.31-a0-728-g01b46875f1 (webtiles) character file.

Game seed: 7293976878590054179

199 cforsyth the Trooper (level 6, 0/57 HPs)
             Began as a Djinni Chaos Knight on Sept 11, 2023.
             Was a Plaything of Xom.
             Killed by nerve-wracking pain
             ... invoked by Menkaure
              (14 damage)
             ... on level 4 of the Dungeon.
             The game lasted 00:05:55 (3399 turns).

cforsyth the Trooper (Djinni Chaos Knight)          Turns: 3399, Time: 00:05:56

Health: 0/57       AC:  2    Str:  9    XL:     6   Next: 6%
Gold:   634        EV: 11    Int: 20    God:    Xom [......] SH:  0 Dex: 20

rFire   + + .        s - +2 mace (drain)
rCold   x . .        k - +0 buckler
rNeg    . . .        b - +2 leather armour
rPois   ∞            (no helmet)
rElec   .            o - +0 cloak
rCorr   .            (no gloves)
SInv    .            (boots unavailable)
Will    .....        (no amulet)
Stlth   +            j - +6 ring of intelligence
HPRegen 0.29/turn    (no ring)
MPRegen 0.00/turn

%: clarity, infuse magic (-1 HP)
@: confused, ambrosia-drunk, weakened, corroded, flying, hasted, very quick
A: sickness immunity, fire resistance 2, cold vulnerability 1, float, innate
caster, HP casting, extra vitality 1, agile 2, clarity, robust 2, screaming 1
a: Renounce Religion


You were on level 4 of the Dungeon.
You worshipped Xom.
You were a very special plaything of Xom.
You visited 1 branch of the dungeon, and saw 4 of its levels.

You collected 803 gold pieces.
You spent 169 gold pieces at shops.

Inventory:

Hand Weapons
 a - a +0 falchion of chaos
 s - a +2 mace of draining (weapon)
Missiles
 c - a throwing net
Armour
 b - a +2 leather armour (worn)
 k - a +0 buckler (worn)
 o - a +0 cloak (worn)
Jewellery
 j - a +6 ring of intelligence (left hand)
Scrolls
 d - 5 scrolls of teleportation
 e - a scroll of blinking {unknown}
 l - a scroll of enchant armour {unknown}
 m - a scroll of fog {unknown}
 n - a scroll of fear {unknown}
 p - a scroll of torment {unknown}
 q - a scroll of revelation
 r - a scroll of noise
Potions
 h - 2 potions of attraction
 i - a potion of might


   Skills:
 + Level 4.5 Fighting
 - Level 2.6 Long Blades
 - Level 1.0 Armour
 - Level 2.1 Dodging
 + Level 2.6 Shields
 + Level 2.0 Spellcasting
 + Level 2.0 Conjurations
 + Level 2.0 Hexes
   Level 0.0 Charms
 + Level 2.0 Summonings
 + Level 2.0 Necromancy
 + Level 2.0 Translocations
 + Level 2.0 Transmutations
 + Level 2.0 Fire Magic
 + Level 2.0 Ice Magic
 + Level 2.0 Air Magic
 + Level 2.0 Earth Magic
 + Level 2.0 Poison Magic


You knew the following spells:

 Your Spells              Type           Power      Damage    Failure   Level
a - Slow                  Hex            40%        N/A       14%         1
b - Blink                 Tloc           20%        N/A       22%         2
Your spell library was empty.

Dungeon Overview and Level Annotations

Branches:
Dungeon (4/15)
 Temple: D:4-7

Altars:

Shops:
D:2 [   D:3 ?

Annotations:
D:4 Menkaure


Innate Abilities, Weirdness & Mutations

You are immune to sickness and miasma.
You are immune to poison.
Your flesh is very heat resistant. (rF++)
You are vulnerable to cold. (rC-)
You float through the air rather than walking.
You learn spells naturally, not from books.
Your magical power is your life essence.
You have superior vitality. (+4 MHP)
You are very agile. (Dex +8, Str/Int -2)
You possess an exceptional clarity of mind.
You are very robust. (+20% HP)
You occasionally shout uncontrollably at your foes.


Message History

You hit the endoplasm. You drain the endoplasm.
You kill the endoplasm!
No target in view!
No target in view!
No target in view!
No target in view! "Fight to survive, mortal."
As you read the scroll of teleportation, it crumbles to dust.
You feel strangely unstable. The rust devil hits you.
The rust devil corrodes you! The orange demon stings you!
The orange demon hits you but does no damage.
You barely miss the orange demon. The orange demon stings you!
The orange demon hits you. The rust devil closely misses you.
You hit the rust devil.
The rust devil is lightly wounded.
The orange demon stings you! The orange demon hits you.
* * * LOW HITPOINT WARNING * * *
You block the rust devil's attack.
It was a potion of ambrosia.
You are confused.
You feel invigorated. The orange demon stings you!
* * * LOW HITPOINT WARNING * * *
The orange demon hits you.
* * * LOW HITPOINT WARNING * * *
You feel your attacks grow feeble. The rust devil closely misses you.
The crimson imp blinks!
Okay, then.
You are too confused!
Your surroundings suddenly seem different.
A hobgoblin comes into view.
Menkaure shouts!
The hobgoblin shouts!
Menkaure mumbles some strange words.
Menkaure seems to speed up.
Unknown command.
Unknown command.
You feel yourself speed up.
Menkaure points at you and mumbles some strange words.
Pain shoots through your body!
You die...
Xom snickers!

# ## # .# #.#. #'##
####.# ##...## #.....
#@...g# #..#.#
#.......# ##.###.
#......M..####...#.#
.'.........'.........
###.......>.####....##
##.......## ##.#.#
##.....## ###.#
##...## #.# #+# #.#


You could see Menkaure (fast) and a hobgoblin.

Vanquished Creatures
  A hound (D:4)
  Robin (D:4)
  4 gnolls (D:4)
  An adder (D:4)
  A worm (D:3)
  An orc (D:4)
  4 bats
  10 endoplasms
  4 giant cockroaches
  14 hobgoblins
  2 quokkas (D:2)
  3 ball pythons
  2 frilled lizards (D:1)
  13 goblins
  9 kobolds
  4 rats
74 creatures vanquished.

Vanquished Creatures (collateral kills)
  Terence (D:2)
1 creature vanquished.

Grand Total: 75 creatures vanquished

Notes
Turn   | Place    | Note
-------+----------+-------------------------------------------
     0 | D:1      | cforsyth the Djinni Chaos Knight began the quest for the
                  | Orb.
     0 | D:1      | Reached XP level 1. HP: 20/20 MP: 0/0
   172 | D:1      | Reached XP level 2. HP: 20/25 MP: 0/0
   174 | D:1      | XOM: silly message
   299 | D:1      | XOM: god gift: 665 gold pieces
   322 | D:1      | Reached skill level 1 in Spellcasting
   322 | D:1      | Reached skill level 1 in Conjurations
   322 | D:1      | Reached skill level 1 in Hexes
   322 | D:1      | Reached skill level 1 in Summonings
   322 | D:1      | Reached skill level 1 in Necromancy
   322 | D:1      | Reached skill level 1 in Translocations
   322 | D:1      | Reached skill level 1 in Transmutations
   322 | D:1      | Reached skill level 1 in Fire Magic
   322 | D:1      | Reached skill level 1 in Ice Magic
   322 | D:1      | Reached skill level 1 in Air Magic
   322 | D:1      | Reached skill level 1 in Earth Magic
   322 | D:1      | Reached skill level 1 in Poison Magic
   343 | D:1      | Reached XP level 3. HP: 26/30 MP: 0/0
   343 | D:1      | Learned a level 1 spell: Slow
   372 | D:1      | XOM: give mutations
   372 | D:1      | Gained mutation: You are agile. (Dex +4, Str/Int -1) [Xom's
                  | grace]
   372 | D:1      | Gained mutation: You expend health (3 HP) to strengthen
                  | your wands. [Xom's grace]
   372 | D:1      | Gained mutation: You are very agile. (Dex +8, Str/Int -2)
                  | [Xom's grace]
   534 | D:1      | XOM: cloud trail
   642 | D:1      | XOM: cloud trail
   788 | D:2      | Found Bucw's Armour Boutique.
   951 | D:2      | XOM: give mutations
   951 | D:2      | Gained mutation: You are robust. (+10% HP) [Xom's grace]
   951 | D:2      | Gained mutation: You are very robust. (+20% HP) [Xom's
                  | grace]
   951 | D:2      | Gained mutation: Your muscles are strong. (Str +4, Int/Dex
                  | -1) [Xom's grace]
  1176 | D:2      | XOM: smoke on damage
  1241 | D:2      | Noticed Terence
  1246 | D:2      | Killed Terence
  1247 | D:2      | Reached skill level 1 in Shields
  1247 | D:2      | Reached XP level 4. HP: 44/44 MP: 0/0
  1379 | D:2      | XOM: torment (23/44 hp)
  1421 | D:2      | XOM: torment (19/44 hp)
  1928 | D:3      | XOM: summons 1 hostile demon
  1959 | D:3      | Found Xucunedgh's Magic Scroll Shoppe.
  1962 | D:3      | Reached skill level 4 in Fighting
  2000 | D:3      | Bought a scroll of identify for 26 gold pieces
  2000 | D:3      | Bought a scroll of identify for 26 gold pieces
  2000 | D:3      | Bought a scroll of teleportation for 39 gold pieces
  2000 | D:3      | Bought a scroll of teleportation for 39 gold pieces
  2000 | D:3      | Bought a scroll of teleportation for 39 gold pieces
  2418 | D:4      | Noticed Robin
  2423 | D:4      | Reached XP level 5. HP: 49/49 MP: 0/0
  2423 | D:4      | Learned a level 2 spell: Blink
  2454 | D:4      | Killed Robin
  2482 | D:4      | Noticed Menkaure
  2767 | D:4      | XOM: give mutations
  2767 | D:4      | Gained mutation: You occasionally shout uncontrollably at
                  | your foes. [Xom's mischief]
  2767 | D:4      | Lost mutation: You expend health (3 HP) to strengthen your
                  | wands. [Xom's mischief]
  2767 | D:4      | Lost mutation: Your muscles are strong. (Str +4, Int/Dex
                  | -1) [Xom's mischief]
  2767 | D:4      | Gained mutation: You possess an exceptional clarity of
                  | mind. [Xom's mischief]
  2925 | D:4      | Reached XP level 6. HP: 50/57 MP: 0/0
  2994 | D:4      | Noticed an ice beast
  2999 | D:4      | XOM: noise
  3006 | D:4      | an ice beast changed into a human
  3006 | D:4      | Noticed a human
  3006 | D:4      | XOM: polymorph ice beast -> human
  3066 | D:4      | XOM: summons 3 hostile demons
  3067 | D:4      | Noticed a hellwing
  3393 | D:4      | XOM: summons 4 hostile demons
  3394 | D:4      | Noticed an orange demon
  3394 | D:4      | Noticed a rust devil
  3399 | D:4      | Killed from afar by Menkaure

Illustrated notes

Levels and vault maps discovered:
D:1:      minmay_arrival_five_plusses, layout_loops_ring
D:2:      layout_loops_ring, serial_shops, shop, uniq_terence
D:3:      layout_basic, serial_shops, shop
D:4:      layout_loops_corners, uniq_robin, uniq_menkaure

Skill      XL: |  1  2  3  4  5 |
---------------+----------------+-----
Spellcasting   | 1 2 |  2.0
Conjurations   | 1 2 |  2.0
Hexes          | 1 2 |  2.0
Summonings     | 1 2 |  2.0
Necromancy     | 1 2 |  2.0
Translocations | 1 2 |  2.0
Transmutations | 1 2 |  2.0
Fire Magic     | 1 2 |  2.0
Ice Magic      | 1 2 |  2.0
Air Magic      | 1 2 |  2.0
Earth Magic    | 1 2 |  2.0
Poison Magic   | 1 2 |  2.0
Shields        | 1 2 |  2.6
Fighting       | 4 |  4.5
Long Blades    | |  2.6
Armour         | |  1.0
Dodging        | |  2.1

Action                     |  1- 3 |  4- 6 || total
---------------------------+-------+-------++-------
  Melee: Falchion          |    87 |    40 ||   127
         Punch             |     1 |       ||     1
         Mace              |       |    84 ||    84
   Cast: Slow              |       |    17 ||    17
         Blink             |       |     1 ||     1
    Use: Scroll            |       |     7 ||     7
         Potion            |       |     2 ||     2
   Stab: Sleeping          |     2 |     3 ||     5
         Confused          |     1 |       ||     1
 Armour: Leather armour    |    44 |    78 ||   122
  Dodge: Dodged            |    39 |    83 ||   122
  Block: Buckler           |     8 |    25 ||    33

Table legend: (Time is in decaauts)
 A = Elapsed time spent in this place.
 B = Non-inter-level travel time spent in this place.
 C = Inter-level travel time spent in this place.
 D = Time resting spent in this place.
 E = Time spent auto-exploring this place.
 F = Levels seen in this place.
 G = Mean time per level.
                   A        B        C        D        E       F      G
               +--------+--------+--------+--------+--------+-----+--------+
         Total |   3465 |   3358 |    107 |    236 |   2316 |   4 |  866.2 |
       Dungeon |   3465 |   3358 |    107 |    236 |   2316 |   4 |  866.2 |
               +--------+--------+--------+--------+--------+-----+--------+

Top non-repeatable levels by time:
     D:3: 1114 daAuts
     D:2: 827 daAuts
     D:4: 786 daAuts
     D:1: 737 daAuts
